 Dungeon Crawl Stone Soup version 0.21-a0-179-gd2bfb5f (webtiles) character file.

87 GlassEater the Covered (level 4, -5/40 HPs)
             Began as a Minotaur Fighter on Aug 10, 2017.
             Killed from afar by SkyDiva's ghost (9 damage)
             ... with a zap
             ... on level 3 of the Dungeon.
             The game lasted 00:02:04 (1401 turns).

GlassEater the Covered (Minotaur Fighter)           Turns: 1401, Time: 00:02:04

Health: -5/40      AC:  7    Str: 26    XL:     4   Next: 28%
Magic:  3/3        EV:  9    Int:  5    God:
Gold:   157        SH: 10    Dex: 10    Spells: 3/3 levels left

rFire    . . .     SeeInvis .   a - +0 flail
rCold    . . .     Gourm    .   c - +0 shield
rNeg     . . .     Faith    .   b - +0 scale mail
rPois    .         Spirit   .   (helmet restricted)
rElec    .         Reflect  .   (no cloak)
rCorr    .         Harm     .   (no gloves)
MR       .....                  (no boots)
Stlth    ..........             (no amulet)
HPRegen  0.13/turn              s - +1 ring of evasion
MPRegen  0.08/turn              (no ring)

@: mighty, lethally poisoned (-5 -> -8), drained
A: retaliatory headbutt, horns 2
a: no special abilities


You were on level 3 of the Dungeon.
You were not hungry.

You visited 1 branch of the dungeon, and saw 3 of its levels.

You collected 157 gold pieces.

Inventory:

Hand Weapons
 a - a +0 flail (weapon)
Armour
 b - a +0 scale mail (worn)
 c - a +0 shield (worn)
Jewellery
 s - a +1 ring of evasion (left hand)
Wands
 r - a wand of digging (14/24)
Scrolls
 i - 2 scrolls of identify {unknown}
 j - 2 scrolls of teleportation {unknown}
 l - 2 scrolls of remove curse {unknown}
 n - a scroll of magic mapping {unknown}
 o - a scroll of recharging {unknown}
 p - a scroll of noise {unknown}
 q - a scroll of random uselessness {unknown}
Potions
 e - a potion of magic {unknown}
 h - 2 potions of agility {unknown}
 m - a potion of flight {unknown}
 t - 2 potions of cancellation {unknown}
Comestibles
 f - 2 bread rations
 g - 5 chunks of flesh
 k - 2 royal jellies


   Skills:
 + Level 4.1(3.5) Fighting
 + Level 3.4(2.9) Maces & Flails
 + Level 4.3(3.7) Armour
 * Level 1.4(0.9) Dodging
 + Level 4.2(3.6) Shields


You had 3 spell levels left.
You didn't know any spells.

Dungeon Overview and Level Annotations

Branches:
Dungeon (3/15)

Altars:

Annotations:
D:3 SkyDiva's ghost, amateur SpAE


Innate Abilities, Weirdness & Mutations

You reflexively headbutt those who attack you in melee.
You have a pair of horns on your head.


Message History

SkyDiva's ghost waves its arms in wide circles.
The air twists around and strikes you! The adder completely misses you.
You furiously retaliate!
You headbutt the adder! You thump the adder!
You kill the adder!
You feel sick. SkyDiva's ghost casts a spell at you. The zap hits you!
You miss SkyDiva's ghost.
You feel sick. SkyDiva's ghost casts a spell at you. The zap hits you!
SkyDiva's ghost hits you but does no damage.
You closely miss SkyDiva's ghost. Your headbutt misses SkyDiva's ghost.
SkyDiva's ghost gestures at you while chanting.
The zap hits you!
* * * LOW HITPOINT WARNING * * *
You closely miss SkyDiva's ghost. SkyDiva's ghost casts a spell at you.
The zap hits you!
You die...

#.########.#
#........#.#
########.#.# #.#.#
#.#.# ##########
#.#.# .........#
#.#.# .......#W#
#.# ######.#@# #.#
#.#.# #.# #.#.#
#.#
#.#.############.#
#.#.......[......#
#.################


You could see SkyDiva's ghost.

Vanquished Creatures
  Terence (D:2)
  2 adders
  3 dart slugs
  3 leopard geckos
  3 orcs (D:3)
  3 bats
  2 goblins (D:1)
  2 hobgoblins
  5 jackals
  A kobold (D:1)
  A frilled lizard (D:2)
  6 rats
32 creatures vanquished.

Notes
Turn   | Place    | Note
-------+----------+-------------------------------------------
     0 | D:1      | GlassEater the Minotaur Fighter began the quest for the Orb.
     0 | D:1      | Reached XP level 1. HP: 19/19 MP: 0/0
   210 | D:1      | Reached XP level 2. HP: 27/27 MP: 1/1
  1052 | D:2      | Reached XP level 3. HP: 33/33 MP: 2/2
  1096 | D:2      | Noticed Terence
  1110 | D:2      | Killed Terence
  1110 | D:2      | Reached skill level 1 in Dodging
  1194 | D:2      | Reached XP level 4. HP: 37/40 MP: 3/3
  1215 | D:2      | Found a faded altar of an unknown god.
  1393 | D:3      | Noticed SkyDiva's ghost (amateur SpAE)
  1401 | D:3      | Killed from afar by SkyDiva's ghost

Vault maps used:
D:1:      dpeg_arrival_boxes_within_box
D:2:      chequers_ecumenical_altar_simple, uniq_terence
D:3:      first_bread, uniq_robin

Skill      XL: |  1  2  3 |
---------------+----------+-----
Shields        | 4 |  4.2
Armour         | 4 |  4.3
Fighting       | 4 |  4.1
Maces & Flails | 3 |  3.4
Dodging        | 1 |  1.4

Action                   |  1- 3 |  4- 6 || total
-------------------------+-------+-------++-------
Melee: Flail             |    54 |    22 ||    76
       Headbutt          |     9 |     3 ||    12
  Use: Potion            |       |     1 ||     1
  Eat: Chunk             |     1 |     1 ||     2
Armor: Scale mail        |    31 |     9 ||    40
Dodge: Dodged            |    21 |     6 ||    27
Block: Shield            |    44 |    10 ||    54
